Map: Automaton LE

Players

A.I. 1 (Elite) - Winner!

  • Race: Terran Terran
  • Spawn Location: 3:00

A.I. 2 (Elite)

  • Race: Terran Terran
  • Spawn Location: 9:00

VOD

Have the link to the VOD?

Description

Time

  • Played on: May 4, 2019, 6:47 p.m.
  • Length: 31:45
Show
View Real Time Build Order
Export as new Build Order

A.I. 1 (Elite) Terran - Winner!

Build Orders:  

Get SALT Encoding   

  12  0:01  SCV  
  13  0:13  SCV  
  14  0:19  Supply Depot  
  14  0:25  SCV  
  15  0:41  SCV  
  16  0:45  Barracks  
  16  0:53  SCV  
  17  1:05  SCV  
  18  1:12  Refinery  
  18  1:15  Supply Depot  
  18  1:17  SCV  
  19  1:29  SCV  
  20  1:34  Marine  
  21  1:43  Command Center  
  21  2:06  Barracks  
  21  2:08  SCV  
  21  2:12  Marine  
  23  2:15  Factory  
  23  2:21  SCV  
  24  2:25  Supply Depot  
  24  2:32  Marine  
  24  2:33  SCV  
  26  2:45  SCV  
  26  2:49  Marine  
  28  2:57  Orbital Command, SCV  
  29  3:01  Factory Tech Lab  
  29  3:06  Refinery  
  29  3:14  Orbital Command  
  29  3:16  Marine  
  29  3:19  Marine  
  31  3:25  SCV  
  32  3:34  Marine  
  32  3:37  SCV, Marine  
  32  3:39  SCV  
  36  3:48  Barracks  
  36  3:49  SCV  
  36  3:51  SCV  
  36  3:52  Marine  
  39  3:55  Barracks Tech Lab  
  39  4:01  SCV  
  40  4:03  SCV, Supply Depot  
  41  4:11  Barracks Tech Lab  
  41  4:13  SCV, Marine  
  41  4:15  SCV  
  41  4:16  Stimpack  
  44  4:17  Siege Tank  
  47  4:25  SCV  
  47  4:27  SCV  
  47  4:28  Combat Shield  
  47  4:29  Marine  
  50  4:31  Marine  
  50  4:35  Supply Depot, Marine  
  50  4:37  SCV  
  53  4:39  SCV  
  53  4:42  Supply Depot  
  54  4:47  Marine  
  54  4:49  Marauder, SCV  
  54  4:52  SCV  
  59  5:01  SCV  
  59  5:04  Engineering Bay, SCV, Barracks Reactor  
  59  5:05  Marauder  
  63  5:11  Marauder  
  63  5:12  Engineering Bay  
  63  5:14  SCV  
  66  5:19  Command Center  
  66  5:26  Marauder  
  66  5:27  SCV  
  66  5:28  SCV  
  70  5:30  Terran Infantry Weapons Level 1  
  70  5:31  Supply Depot  
  70  5:35  Marauder  
  72  5:38  Terran Infantry Armor Level 1  
  72  5:39  SCV  
  73  5:42  Starport  
  73  5:45  Marine  
  73  5:46  Marine  
  73  5:48  Marauder  
  77  5:51  Refinery  
  77  5:54  Supply Depot  
  77  5:59  Refinery  
  77  6:05  Marauder  
  77  6:09  Marauder, Missile Turret  
  81  6:11  Missile Turret  
  81  6:13  SCV x2  
  81  6:16  Concussive Shells  
  83  6:19  Supply Depot  
  83  6:20  Medivac  
  83  6:25  SCV, Barracks  
  86  6:26  Marauder, SCV  
  86  6:31  Marauder, SCV  
  92  6:37  SCV  
  92  6:38  SCV  
  94  6:43  SCV  
  95  6:48  Marauder  
  95  6:49  SCV  
  95  6:50  Medivac  
  95  6:51  SCV  
  95  6:52  Marauder  
  103  6:55  SCV  
  103  7:00  Missile Turret  
  104  7:01  SCV  
  104  7:04  SCV  
  104  7:05  Supply Depot  
  104  7:07  SCV  
  104  7:08  Missile Turret  
  107  7:12  Marine  
  107  7:13  Marine  
  107  7:14  SCV  
  110  7:16  SCV, Marine  
  110  7:18  Marine  
  110  7:19  SCV  
  110  7:21  Starport Reactor  
  114  7:26  SCV  
  114  7:28  SCV  
  114  7:29  Supply Depot  
  116  7:30  Marauder  
  116  7:32  SCV  
  119  7:38  SCV  
  119  7:39  Armory  
  119  7:41  SCV  
  121  7:45  Orbital Command  
  121  7:50  SCV  
  122  7:51  Missile Turret  
  122  7:52  Marauder, Supply Depot  
  122  7:54  SCV  
  122  7:55  Marauder  
  122  7:57  Viking, Medivac  
  131  8:12  Missile Turret  
  131  8:13  Marauder  
  131  8:17  Supply Depot  
  133  8:26  Factory  
  133  8:27  Viking, Medivac, Terran Infantry Weapons Level 2  
  133  8:31  Refinery  
  133  8:33  Missile Turret  
  137  8:42  Starport  
  137  8:43  Refinery  
  137  8:44  Supply Depot  
  137  8:54  Command Center  
  137  8:57  Viking  
  137  8:58  Hi-Sec Auto Tracking  
  139  9:05  Viking  
  141  9:11  Supply Depot, Factory Tech Lab  
  141  9:13  SCV  
  141  9:16  SCV  
  141  9:17  Siege Tank  
  143  9:18  Starport Tech Lab  
  134  9:29  SCV  
  134  9:31  SCV  
  127  9:37  Rapid Reignition System, Raven  
  122  9:41  SCV  
  122  9:43  SCV, Siege Tank  
  125  9:50  Siege Tank  
  125  9:53  SCV  
  125  9:55  SCV  
  127  10:05  SCV  
  120  10:07  SCV  
  110  10:17  SCV  
  110  10:18  SCV  
  100  10:28  Command Center  
  91  10:57  SCV  
  87  10:58  SCV  
  88  11:08  Barracks  
  88  11:09  SCV  
  88  11:11  SCV  
  90  11:21  SCV  
  90  11:23  SCV  
  92  11:28  Supply Depot  
  92  11:33  Barracks  
  92  11:35  Supply Depot  
  92  11:41  Supply Depot  
  92  11:42  Supply Depot  
  92  11:49  Supply Depot  
  92  11:53  Supply Depot  
  92  11:57  Supply Depot  
  88  12:03  Marine  
  88  12:04  SCV  
  88  12:07  Factory  
  46  12:20  Marine  
  44  12:23  Refinery, Barracks Reactor  
  44  12:27  Refinery  
  43  12:30  Refinery  
  43  12:32  SCV  
  43  12:33  SCV  
  43  12:34  SCV  
  46  12:38  Barracks Tech Lab  
  44  12:44  SCV  
  44  12:45  SCV  
  44  12:46  SCV  
  44  12:47  Refinery  
  44  12:51  Factory Tech Lab  
  42  12:56  SCV, Marine  
  42  12:57  SCV  
  40  12:58  SCV  
  40  13:08  SCV  
  40  13:09  SCV, Hellion  
  40  13:12  Factory  
  44  13:14  SCV, Marine  
  46  13:20  SCV, Command Center  
  46  13:22  SCV  
  46  13:26  SCV  
  49  13:27  Refinery  
  49  13:31  Hellion  
  49  13:32  SCV, Marine  
  53  13:36  SCV  
  53  13:39  SCV  
  55  13:44  SCV  
  55  13:48  SCV  
  57  13:50  Marine  
  57  13:51  SCV  
  57  13:52  Hellion  
  61  13:56  SCV, Hellion  
  61  14:00  SCV  
  65  14:03  SCV  
  65  14:07  Marine  
  65  14:08  SCV  
  65  14:09  Barracks  
  68  14:12  SCV  
  68  14:13  Siege Tank  
  68  14:15  SCV  
  73  14:22  SCV, Supply Depot  
  74  14:24  SCV  
  74  14:25  Marine  
  74  14:27  SCV  
  77  14:34  SCV  
  77  14:35  SCV, Factory  
  77  14:36  SCV  
  80  14:39  SCV  
  80  14:42  Factory Tech Lab  
  80  14:43  Marine  
  81  14:45  Siege Tank  
  81  14:46  SCV  
  81  14:48  SCV  
  81  14:49  SCV  
  81  14:51  SCV  
  88  14:55  Marine  
  88  14:58  SCV  
  90  15:00  SCV, Siege Tank  
  90  15:01  Marauder  
  90  15:06  SCV x2, Supply Depot  
  98  15:10  SCV  
  99  15:16  Armory  
  99  15:18  Siege Tank  
  102  15:23  Marauder  
  102  15:26  Armory  
  104  15:32  Siege Tank, Hellion  
  109  15:35  Supply Depot  
  109  15:41  Infernal Pre-Igniter  
  109  15:44  Marauder  
  111  15:50  Hellion  
  111  15:51  Orbital Command  
  113  15:57  Engineering Bay  
  113  16:04  Supply Depot, Siege Tank, Command Center  
  113  16:05  Terran Vehicle And Ship Armor Level 1  
  113  16:11  Thor  
  122  16:13  Terran Vehicle Weapons Level 1  
  122  16:21  Orbital Command  
  122  16:25  Missile Turret  
  122  16:29  Missile Turret  
  122  16:32  Missile Turret  
  122  16:33  Supply Depot  
  122  16:35  Missile Turret  
  122  16:36  Thor  
  122  16:37  Missile Turret, Factory Tech Lab  
  122  16:38  Missile Turret  
  128  16:46  Planetary Fortress  
  131  16:54  Siege Tank  
  131  16:55  Thor  
  131  16:57  Supply Depot  
  137  17:07  Missile Turret  
  137  17:19  Widow Mine  
  137  17:20  Barracks  
  139  17:26  Thor  
  139  17:27  Planetary Fortress  
  139  17:29  Starport  
  145  17:31  Missile Turret  
  145  17:32  Supply Depot  
  145  17:35  Missile Turret  
  145  17:38  Siege Tank  
  145  17:40  Neosteel Armor, Barracks Reactor  
  145  17:41  Widow Mine  
  150  17:52  Command Center  
  150  17:57  Supply Depot  
  150  18:02  Hellion  
  152  18:07  Terran Vehicle Weapons Level 2, Medivac  
  152  18:08  Barracks Tech Lab  
  152  18:09  Cyclone  
  152  18:11  Hellion  
  159  18:13  Barracks  
  159  18:16  Starport  
  159  18:19  Factory  
  159  18:23  Cyclone  
  159  18:24  Marauder, Supply Depot  
  159  18:26  Marauder  
  158  18:29  Marine x2  
  158  18:32  Hellion  
  138  18:35  Liberator  
  138  18:38  Starport Tech Lab  
  138  18:39  Liberator  
  128  18:41  Hellion  
  128  18:45  Marine  
  128  18:47  Marine  
  128  18:48  Marauder, Marine  
  132  18:54  Hellion  
  138  18:56  Hellion  
  138  19:02  Thor, Marine  
  149  19:03  Marine, Hellion  
  149  19:04  Marine  
  149  19:07  Marine  
  149  19:09  Marauder  
  157  19:12  Engineering Bay  
  151  19:18  Liberator  
  151  19:20  Marine  
  151  19:21  Siege Tank  
  151  19:22  Liberator  
  147  19:24  Siege Tank  
  147  19:26  Planetary Fortress  
  144  19:34  Marauder  
  144  19:35  Terran Infantry Weapons Level 3  
  144  19:36  Hellion  
  144  19:37  Missile Turret  
  144  19:38  Marine  
  145  19:39  Missile Turret, Marine  
  147  19:45  Widow Mine  
  147  19:53  Widow Mine  
  147  19:54  Marine  
  147  19:55  Marine x2  
  147  19:56  Siege Tank, Marine  
  147  19:57  Hellion  
  147  19:58  Marine  
  159  20:03  Command Center  
  159  20:05  Liberator  
  159  20:06  Cyclone  
  159  20:13  Marauder  
  159  20:14  Marauder, Siege Tank, Marine  
  157  20:18  Medivac  
  157  20:19  Hellion  
  161  20:22  Marine  
  152  20:29  Hellion  
  148  20:36  Terran Vehicle Weapons Level 3  
  148  20:39  Widow Mine  
  148  20:40  Hellion  
  152  20:47  Hellion  
  152  20:48  Viking  
  152  20:49  Terran Infantry Armor Level 2  
  156  20:50  Cyclone  
  156  20:51  Missile Turret  
  156  20:54  Missile Turret  
  156  20:56  Missile Turret  
  159  20:59  Missile Turret  
  159  21:00  Hellion  
  159  21:01  Widow Mine  
  163  21:05  Medivac  
  163  21:08  Hellion  
  167  21:13  Marine  
  167  21:15  Marine  
  167  21:17  Planetary Fortress  
  167  21:18  Medivac  
  171  21:21  Thor  
  171  21:22  Hellion  
  179  21:28  Missile Turret  
  179  21:29  Siege Tank  
  179  21:32  Missile Turret  
  182  21:33  Hellion  
  182  21:34  Marine x2, Raven  
  182  21:35  Marauder  
  182  21:36  Missile Turret, Command Center  
  182  21:37  Marine x2  
  192  21:43  Siege Tank  
  195  21:48  Viking  
  195  21:51  Marine  
  198  21:55  Widow Mine  
  198  22:00  Missile Turret  
  200  22:15  Terran Vehicle And Ship Armor Level 2  
  200  22:31  Refinery  
  200  22:33  Refinery  
  200  22:36  Refinery, Medivac  
  196  22:37  Refinery, Medivac  
  196  22:39  Refinery  
  196  22:40  Refinery  
  196  22:41  Marauder  
  196  22:42  Marauder  
  195  22:44  Refinery  
  195  22:46  Hellion  
  195  22:47  Cyclone, Marine x2, Hellion  
  195  22:48  Planetary Fortress, Marine, Hellion  
  167  22:53  Missile Turret, SCV  
  167  22:56  Ghost Academy  
  153  23:01  Missile Turret  
  153  23:02  Marine, Command Center  
  153  23:03  Marauder  
  153  23:05  Marine x2  
  146  23:06  Viking, Marine  
  146  23:07  Medivac, Hellion  
  146  23:08  Missile Turret  
  146  23:09  Widow Mine  
  146  23:10  Cyclone  
  147  23:19  Marine, Liberator, Hellion  
  137  23:23  Marine  
  137  23:24  Marine  
  137  23:25  Marauder  
  137  23:26  Marine  
  143  23:29  Siege Tank  
  143  23:30  Hellion  
  139  23:37  Viking, Ghost  
  139  23:40  Siege Tank  
  139  23:41  Marine  
  150  23:42  Widow Mine  
  146  23:50  Liberator  
  146  23:52  Widow Mine  
  146  23:55  Marine  
  149  23:56  Marine  
  149  23:57  Marine  
  149  23:58  Marine  
  149  24:01  Hellion  
  149  24:02  Liberator  
  154  24:03  Thor  
  154  24:06  Marine  
  154  24:09  SCV  
  164  24:13  Hellion  
  164  24:14  Marauder, Planetary Fortress  
  168  24:22  Siege Tank  
  174  24:27  Missile Turret  
  174  24:31  Missile Turret, Hellion  
  176  24:33  Liberator  
  176  24:34  Siege Tank  
  176  24:35  SCV  
  179  24:45  Marine, Liberator  
  180  24:46  Siege Tank  
  180  24:49  Marine  
  180  24:50  Missile Turret  
  180  24:52  Hellion  
  189  24:54  Thor  
  195  25:02  Terran Vehicle And Ship Armor Level 3  
  195  25:04  Terran Infantry Armor Level 3  
  198  25:27  Liberator  
  198  25:35  Raven  
  194  25:40  Cyclone  
  192  25:57  Marauder  
  192  25:58  Marauder  
  177  26:04  Hellion  
  177  26:05  Hellion  
  177  26:06  Hellion  
  177  26:07  Marine x3  
  160  26:12  Hellion  
  160  26:18  Viking, Marine  
  158  26:19  Marauder, Barracks  
  158  26:25  Marine x2, Hellion  
  162  26:26  Widow Mine  
  162  26:27  Cyclone, Barracks Tech Lab  
  162  26:28  Starport Reactor  
  165  26:33  Siege Tank  
  165  26:36  Marauder  
  160  26:41  Marauder  
  160  26:43  Marine x2  
  160  26:45  Ghost  
  168  26:47  Widow Mine  
  168  26:48  Medivac, Widow Mine  
  172  26:56  Ghost  
  172  26:59  Cyclone  
  172  27:00  Marine  
  175  27:02  Marauder  
  175  27:03  Marine  
  175  27:04  Viking  
  175  27:05  Medivac, Siege Tank  
  175  27:06  Marine  
  175  27:08  Siege Tank  
  187  27:09  Widow Mine  
  187  27:14  Marauder  
  186  27:18  Viking, Marine  
  186  27:19  Command Center  
  186  27:22  Marine  
  188  27:23  Marauder  
  188  27:25  Ghost  
  188  27:26  Marine  
  193  27:30  Widow Mine  
  193  27:31  Personal Cloaking, Siege Tank  
  193  27:34  Medivac  
  200  28:15  Refinery  
  200  28:17  Refinery  
  200  28:19  Marauder, Cyclone  
  200  28:31  Marine  
  200  28:32  Marine  
  200  28:43  Marine  
  200  28:44  Marauder  
  200  28:45  Planetary Fortress  
  200  28:46  Refinery  
  200  28:52  Missile Turret  
  200  28:57  Nuke  
  200  28:59  Liberator  
  200  29:02  Missile Turret  
  200  29:17  Missile Turret  
  200  29:18  Refinery  
  200  29:20  Marine  
  200  29:21  Marauder  
Show
View Real Time Build Order
Export as new Build Order

A.I. 2 (Elite) Terran 

Build Orders:  

Get SALT Encoding   

  12  0:00  SCV  
  13  0:13  SCV  
  14  0:20  Supply Depot  
  14  0:25  SCV  
  15  0:42  SCV  
  16  0:46  Barracks  
  16  0:54  SCV  
  17  1:06  SCV  
  18  1:18  SCV  
  19  1:20  Supply Depot  
  19  1:23  Refinery  
  19  1:30  SCV  
  20  1:33  Marine  
  21  1:42  SCV  
  22  1:51  Marine  
  23  1:54  SCV, Barracks  
  23  2:00  Refinery  
  24  2:08  Orbital Command, Supply Depot  
  24  2:09  Marine  
  25  2:27  Marine  
  26  2:33  SCV  
  27  2:45  SCV, Marine  
  27  2:50  Command Center  
  29  3:06  Factory  
  29  3:07  SCV  
  29  3:08  Marine  
  31  3:12  Marine  
  31  3:19  SCV  
  33  3:26  Marine  
  34  3:30  Marine  
  34  3:32  SCV  
  36  3:44  SCV  
  37  3:53  Factory Tech Lab  
  37  3:56  SCV  
  37  4:01  Marine x2  
  37  4:02  SCV  
  41  4:03  Starport  
  41  4:08  SCV  
  42  4:13  Supply Depot  
  42  4:14  SCV  
  43  4:19  Marine x2  
  43  4:20  SCV  
  46  4:26  SCV  
  46  4:28  Siege Tank  
  50  4:32  SCV  
  50  4:38  SCV, Supply Depot  
  52  4:39  Marine  
  52  4:42  Marine  
  52  4:44  Starport Tech Lab, SCV  
  55  4:50  SCV  
  56  4:56  SCV, Supply Depot  
  57  5:02  SCV  
  57  5:03  Barracks Tech Lab  
  58  5:08  SCV  
  59  5:15  Orbital Command  
  59  5:23  Stimpack  
  59  5:25  Marauder  
  59  5:26  Engineering Bay  
  61  5:31  Command Center  
  60  5:46  Marauder  
  62  5:52  Terran Infantry Weapons Level 1  
  62  5:56  Engineering Bay  
  62  6:02  Barracks Tech Lab, Barracks  
  62  6:07  Marauder  
  64  6:11  Siege Tank  
  67  6:19  Combat Shield  
  67  6:20  Marauder  
  67  6:21  Terran Infantry Armor Level 1  
  67  6:23  Supply Depot  
  69  6:29  Marauder  
  71  6:36  Medivac  
  72  6:42  Marauder  
  72  6:44  Siege Tank  
  72  6:45  SCV  
  78  6:47  SCV  
  78  6:48  SCV  
  78  6:49  Barracks Reactor  
  78  6:50  Marine  
  81  6:57  SCV  
  81  6:59  SCV  
  83  7:03  Marauder  
  83  7:08  Marauder  
  87  7:10  Refinery  
  87  7:14  Refinery  
  87  7:17  Orbital Command  
  87  7:19  Siege Tank  
  87  7:22  Supply Depot  
  90  7:24  Marauder, Concussive Shells  
  90  7:25  Missile Turret  
  92  7:34  Command Center  
  93  7:37  SCV  
  93  7:41  Marauder  
  95  7:45  Missile Turret  
  95  7:51  Medivac  
  95  7:52  Barracks  
  97  7:59  Supply Depot  
  97  8:00  Marauder  
  97  8:04  Marauder  
  100  8:10  Siege Tank  
  103  8:18  Armory  
  103  8:35  Supply Depot  
  103  8:41  Missile Turret  
  103  8:42  Siege Tank  
  103  8:47  SCV  
  107  8:49  SCV  
  107  8:51  SCV  
  107  8:53  SCV  
  110  8:59  SCV  
  110  9:01  SCV  
  112  9:04  SCV  
  112  9:05  Marauder  
  112  9:07  SCV  
  110  9:11  SCV  
  110  9:14  Widow Mine  
  110  9:16  SCV  
  102  9:32  Supply Depot  
  81  10:12  Command Center  
  80  10:14  Supply Depot  
  80  10:20  Barracks  
  75  10:33  Supply Depot  
  73  10:44  Supply Depot  
  69  11:11  Command Center  
  69  11:26  Command Center  
  69  11:29  Supply Depot  
  69  11:32  Factory  
  69  11:37  Supply Depot  
  69  11:44  Supply Depot  
  69  11:49  Supply Depot  
  69  11:58  Orbital Command  
  69  12:01  Marine  
  38  12:21  Barracks Tech Lab, Starport  
  38  12:23  SCV  
  38  12:24  SCV  
  40  12:35  SCV  
  41  12:37  Refinery  
  41  12:39  SCV, Marine  
  41  12:41  SCV  
  41  12:42  Barracks  
  44  12:47  SCV  
  39  12:51  SCV  
  39  12:53  SCV  
  39  12:58  Marauder  
  43  12:59  SCV  
  43  13:03  SCV  
  45  13:06  SCV  
  45  13:09  Factory Tech Lab  
  45  13:11  SCV  
  47  13:14  Refinery  
  47  13:16  SCV  
  47  13:18  SCV  
  47  13:19  Marauder  
  48  13:26  Refinery  
  48  13:27  Siege Tank  
  48  13:28  SCV  
  48  13:29  Marine  
  48  13:30  SCV x2  
  55  13:40  SCV, Marine  
  56  13:42  SCV x2  
  56  13:43  Barracks  
  56  13:47  Marine  
  59  13:52  SCV  
  59  13:54  SCV x2  
  62  13:58  Marauder  
  62  13:59  Siege Tank  
  67  14:04  SCV  
  67  14:05  Barracks Reactor  
  67  14:06  Refinery  
  67  14:07  SCV  
  67  14:08  SCV  
  70  14:16  SCV  
  71  14:19  SCV  
  71  14:20  Marauder  
  74  14:24  Engineering Bay, SCV  
  74  14:28  SCV  
  74  14:30  Marine  
  74  14:31  SCV, Siege Tank  
  78  14:36  SCV  
  82  14:40  SCV, Marine  
  82  14:41  Refinery  
  82  14:43  Marine x2  
  82  14:44  Orbital Command  
  86  14:49  Barracks Tech Lab  
  86  14:57  Engineering Bay  
  86  14:58  Marine, Command Center  
  87  15:03  Siege Tank  
  87  15:05  Armory  
  87  15:06  SCV  
  91  15:07  Missile Turret, Marine  
  91  15:08  Marauder  
  91  15:11  Marine  
  95  15:16  Orbital Command  
  95  15:17  Marauder  
  97  15:21  Supply Depot  
  97  15:25  Marine  
  97  15:26  Missile Turret  
  97  15:28  Missile Turret  
  98  15:29  Marauder, Marine  
  101  15:38  Marauder  
  103  15:43  Medivac, Barracks  
  103  15:47  Supply Depot  
  103  15:49  Marine  
  106  15:50  Marine  
  106  15:51  Marauder  
  106  15:53  Terran Infantry Weapons Level 2  
  109  15:58  Siege Tank  
  109  15:59  Marauder  
  114  16:10  SCV  
  115  16:11  SCV, Supply Depot  
  115  16:12  Marauder  
  115  16:13  SCV, Starport Reactor  
  115  16:14  SCV  
  120  16:22  SCV  
  120  16:23  SCV  
  120  16:25  SCV  
  122  16:27  Missile Turret, SCV  
  122  16:30  Widow Mine  
  122  16:32  Missile Turret  
  125  16:33  Marauder  
  125  16:34  SCV  
  125  16:38  SCV, Supply Depot, Planetary Fortress  
  129  16:49  Medivac  
  129  16:50  Medivac  
  129  16:52  Factory, Widow Mine  
  135  16:54  Missile Turret  
  135  16:55  Command Center  
  135  17:03  Supply Depot  
  135  17:09  Hi-Sec Auto Tracking  
  135  17:10  Starport  
  135  17:13  Widow Mine  
  137  17:22  Armory  
  137  17:25  Medivac  
  137  17:28  Supply Depot  
  139  17:34  Refinery, Siege Tank  
  139  17:35  Refinery  
  139  17:36  Widow Mine  
  144  17:37  Terran Vehicle Weapons Level 1  
  144  17:43  Refinery  
  144  17:46  Starport Tech Lab  
  144  17:51  Marine  
  144  17:52  Marine  
  144  17:53  Marine  
  144  17:56  Supply Depot, Marine  
  144  17:57  Factory Tech Lab  
  148  17:59  Marine  
  148  18:00  SCV  
  148  18:03  Liberator  
  148  18:04  Raven  
  151  18:06  Neosteel Armor, Cyclone  
  151  18:08  Missile Turret  
  151  18:10  Marauder, Terran Vehicle And Ship Armor Level 1, Marine  
  157  18:13  Refinery  
  157  18:14  Marauder  
  157  18:15  Missile Turret  
  157  18:16  Siege Tank  
  157  18:17  Medivac  
  157  18:18  Missile Turret  
  154  18:28  SCV  
  154  18:29  Supply Depot  
  154  18:30  Marine, Liberator  
  154  18:31  Marauder, Marine  
  154  18:33  Marine  
  118  18:36  Marauder, SCV  
  110  18:45  Liberator  
  110  18:46  Siege Tank  
  110  18:47  Raven  
  112  18:48  Marine  
  112  18:49  Marine  
  112  18:52  Marauder, SCV, Marine  
  117  18:57  Marauder  
  119  19:06  Marine  
  119  19:08  Marine  
  119  19:09  Marine  
  120  19:12  SCV, Liberator  
  120  19:13  Liberator  
  120  19:14  Marauder, SCV  
  110  19:18  Marine  
  110  19:21  SCV  
  110  19:22  SCV  
  99  19:24  Marine  
  99  19:25  SCV  
  99  19:26  Marine  
  99  19:27  Marine  
  99  19:31  Siege Tank  
  105  19:32  Siege Tank  
  105  19:34  SCV  
  105  19:35  Marine  
  105  19:36  Marauder  
  102  19:42  Marine  
  102  19:44  Marine  
  102  19:45  Medivac, Marine  
  98  19:46  SCV  
  98  19:50  SCV  
  96  19:53  Marauder  
  96  19:56  Liberator  
  96  19:57  Marine  
  96  19:59  Marine  
  96  20:00  SCV x2  
  96  20:02  Marine  
  96  20:03  Marine  
  96  20:05  SCV  
  95  20:07  SCV  
  95  20:12  SCV x2, Medivac  
  95  20:14  Marauder  
  95  20:15  Viking  
  95  20:16  Marauder  
  95  20:17  Marine  
  95  20:18  SCV  
  95  20:19  SCV, Marine  
  93  20:21  Marine  
  93  20:24  SCV x2  
  92  20:30  SCV  
  92  20:31  SCV, Liberator  
  92  20:33  Missile Turret  
  92  20:35  Marine  
  94  20:36  Marauder, SCV  
  94  20:37  Marauder, SCV, Marine  
  94  20:41  Marine  
  94  20:42  SCV  
  104  20:45  SCV, Command Center  
  104  20:47  Liberator  
  104  20:48  SCV  
  109  20:51  SCV  
  109  20:53  Marine  
  109  20:54  SCV  
  109  20:55  Marine  
  109  20:56  Raven  
  115  20:57  Marauder  
  115  20:58  Marauder  
  115  21:00  SCV  
  115  21:01  SCV  
  124  21:14  Liberator  
  124  21:16  Marine x2  
  124  21:17  Marine  
  127  21:19  Marauder, Marine  
  127  21:21  Liberator  
  130  21:27  Terran Infantry Weapons Level 3  
  130  21:30  Liberator  
  133  21:34  Marine  
  133  21:35  Marine  
  133  21:36  Marine  
  133  21:38  Marauder  
  133  21:39  Marine  
  141  21:40  Missile Turret  
  145  21:58  Marauder  
  145  22:00  Fusion Core  
  147  22:02  Marauder  
  147  22:03  Ghost Academy  
  147  22:05  Barracks Tech Lab, Barracks  
  149  22:10  Planetary Fortress  
  149  22:11  Missile Turret  
  149  22:14  Viking  
  151  22:19  Marauder  
  151  22:21  Viking, Marine  
  151  22:22  Marine  
  157  22:23  Marauder, Marine  
  157  22:29  Command Center  
  160  22:30  Medivac  
  159  22:39  SCV, Marine  
  159  22:40  Missile Turret  
  159  22:41  Marauder, Ghost  
  159  22:42  SCV  
  148  22:44  Viking  
  148  22:45  Siege Tank  
  148  22:47  Advanced Ballistics  
  148  22:48  Marauder  
  148  22:49  SCV  
  148  22:50  Marine  
  131  22:51  Medivac, Marine  
  131  22:54  SCV  
  131  22:57  Marine  
  131  22:58  SCV  
  121  23:01  Marine  
  120  23:08  Marine  
  120  23:09  Marauder, Marine  
  120  23:10  Marauder  
  109  23:12  SCV  
  109  23:13  SCV  
  109  23:15  Marine  
  109  23:19  Marine  
  106  23:26  Marine  
  103  23:29  Marine  
  103  23:30  Marauder  
  103  23:31  Marauder  
  103  23:32  Marine  
  105  23:38  Marauder  
  104  23:41  SCV  
  104  23:43  SCV, Marine  
  104  23:44  SCV  
  104  23:45  SCV  
  104  23:47  SCV, Marine  
  111  23:49  SCV  
  111  23:50  Marine  
  111  23:52  Marauder  
  111  23:53  SCV, Marine  
  117  23:57  SCV  
  117  23:58  SCV, Marine  
  120  24:04  Viking  
  120  24:08  Viking  
  124  24:11  Marauder, Viking  
  124  24:14  Marauder  
  124  24:15  Marine  
  124  24:16  Marine  
  132  24:19  Marauder  
  132  24:22  Marine  
  135  24:27  Terran Infantry Armor Level 2  
  135  24:30  SCV  
  135  24:33  Marauder, Marine  
  135  24:34  Viking  
  135  24:36  Marauder  
  142  24:41  Marauder  
  142  24:43  Planetary Fortress  
  142  24:44  Missile Turret  
  144  24:46  Missile Turret  
  144  24:49  Missile Turret, Medivac  
  144  24:50  Marine  
  144  24:51  Marine  
  144  24:52  Marine  
  149  24:53  Marine  
  149  24:57  Viking  
  154  25:00  Marauder  
  154  25:02  Marauder  
  156  25:08  Rapid Reignition System  
  156  25:12  Marauder  
  156  25:13  Missile Turret  
  160  25:21  Marauder, Marine  
  160  25:22  Ghost  
  160  25:23  Medivac, Marine  
  160  25:27  Raven  
  160  25:28  Marine  
  169  25:32  Command Center  
  169  25:33  Marauder  
  167  25:41  SCV, Ghost  
  140  26:00  SCV  
  140  26:01  Marine  
  140  26:03  Marine  
  106  26:04  Marine  
  106  26:05  Marine  
  106  26:07  Marine  
  106  26:10  SCV, Marine, Raven  
  83  26:17  SCV  
  62  26:19  SCV, Marine  
  62  26:22  Marine x2  
  62  26:23  SCV  
  62  26:24  Marauder  
  67  26:28  Marine  
  66  26:35  SCV  
  66  26:36  Marine  
  66  26:37  Marauder  
  65  26:40  Marine  
  65  26:41  Marine  
  65  26:45  Marauder  
  65  26:46  Marine  
  58  27:01  Command Center  
  45  27:10  Marine  
  45  27:11  Marine  
  45  27:13  Marine  
  46  27:18  Hellion  
  29  27:38  Marine  
  29  27:39  Hellion  
  29  27:41  Marine  
  33  27:44  Marine  
  33  27:48  Marine  
  28  27:55  Marine  
  24  28:00  Siege Tank  
  24  28:02  SCV  
  18  28:09  SCV x2  
  16  28:17  SCV x2  
  15  28:23  Command Center  
  1  29:46  SCV  
  2  29:59  SCV  
  3  30:06  SCV  
  3  30:28  SCV  
Tags
 
Matchup
TvT
Race
Terran
Spawn Locations
Cross Positions
Add a new tag
Caveats
  • Supply blocks, unpowered buildings, or Contaminate may cause inaccurate times.
  • Supply counts are checked every 10 seconds.